 Dungeon Crawl Stone Soup version 0.31.0-11-ge490571c62 (webtiles) character file.

Game seed: 11128256626557295077

8268 qw the Nimble (level 11, -2/54 HPs)
             Began as a Spriggan Hunter on Feb 4, 2024.
             Was a High Priest of Okawaru.
             Slain by a hornet (8 damage)
             ... on level 10 of the Dungeon.
             The game lasted 00:00:37 (6297 turns).

qw the Nimble (Spriggan Hunter)                     Turns: 6297, Time: 00:00:38

Health: -2/54      AC:  7    Str:  7    XL:     11   Next: 7%
Magic:  12/17      EV: 26    Int: 11    God:    Okawaru [*****.]
Gold:   560        SH:  5    Dex: 23    Spells: 10/10 levels left

rFire   . . .        k - +1 orcbow
rCold   . . .        (shield currently unavailable)
rNeg    . . .        o - +1 acid dragon scales
rPois   +            (helmet restricted)
rElec   .            (no cloak)
rCorr   +            (gloves unavailable)
SInv    +            (boots unavailable)
Will    +....        h - amulet of reflection
Stlth   ++           a - ring of poison resistance
HPRegen 0.29/turn    (no ring)
MPRegen 0.15/turn

%: reflection
@: finesse-ful, very quick
A: very small, no large weapons, unfitting armour, see invisible, speed 3
a: Renounce Religion, Heroism, Finesse, Duel


You were on level 10 of the Dungeon.
You worshipped Okawaru.
Okawaru was extremely pleased with you.
You visited 2 branches of the dungeon, and saw 13 of its levels.

You collected 560 gold pieces.


Innate Abilities, Weirdness & Mutations

You are very small and have problems with some larger weapons.
You are too small for most types of armour.
You have supernaturally acute eyesight. (SInv)
You cover ground extremely quickly. (Speed+++)


   Skills:
 + Level 4.9 Fighting
 - Level 12.0 Ranged Weapons
 - Level 1.0 Armour
 - Level 12.0 Dodging
 - Level 1.5 Stealth
 + Level 7.1 Invocations


You had 10 spell levels left.
You didn't know any spells.
Your spell library was empty.

Inventory:

Hand Weapons
 e - the +8 sling of the Depths {elec, rF++}
   (You found it on level 2 of the Dungeon)

   rF++:      It greatly protects you from fire.
 k - a +1 orcbow (weapon)
Armour
 o - +1 acid dragon scales (worn)
Jewellery
 a - a ring of poison resistance (left hand)
 h - an amulet of reflection (around neck)
 i - a ring of resist corrosion
Wands
 b - a wand of polymorph (4)
 j - a wand of iceblast (19)
 m - a wand of digging (14)
Potions
 c - a potion of haste
 d - a potion of mutation {unknown}
 f - 2 potions of might
 g - 3 potions of curing
 l - a potion of invisibility {unknown}
 p - a potion of resistance {unknown}

Dungeon Overview and Level Annotations

Branches:
Dungeon (12/15)            Temple (1/1) D:5
   Lair: D:8-11         Orc: D:9-12

Altars:
Ashenzari
Cheibriados
Dithmenos
Elyvilon
Fedhas
Gozag
Hepliaklqana
Kikubaaqudgha
Makhleb
Nemelex Xobeh
Okawaru
Qazlal
Ru
Sif Muna
Trog
Uskayaw
Vehumet
Wu Jian
Xom
Yredelemnul
Zin
The Shining One

Shops:
D:4 :[   D:7 *

Annotations:
D:5 1 runed translucent door, qw's ghost, novice SpHu
D:9 1 runed translucent door


Message History

The hornet stings you!
You shoot an arrow. The arrow closely misses the hornet.
The hornet completely misses you. x2
You shoot an arrow. The arrow barely misses the hornet.
The hornet completely misses you.
You shoot an arrow. The arrow barely misses the hornet.
The hornet misses you. x2
You shoot an arrow. The arrow barely misses the hornet.
The hornet stings you.
You are poisoned.
You shoot an arrow.
The arrow hits the hornet but does no damage.
You feel very sick. The hornet completely misses you.
The hornet closely misses you.
You shoot an arrow. The arrow hits the hornet!
The hornet is moderately wounded.
You feel sick. The hornet stings you.
You shoot an arrow.
The arrow hits the hornet but does no damage.
The hornet is moderately wounded.
You feel sick. The hornet misses you. x2
You shoot an arrow. The arrow hits the hornet.
The hornet is heavily wounded.
You feel sick. You block the hornet's attack.
You shoot an arrow.
The arrow hits the hornet but does no damage.
The hornet is heavily wounded.
You feel sick. The hornet misses you. x2
You shoot an arrow. The arrow completely misses the hornet.
You feel sick. The hornet stings you!
You feel yourself slow down.
6296 ||| INVOKING Finesse.
You can now deal lightning-fast blows.
You feel yourself speed up.
You feel sick. The hornet stings you! The hornet completely misses you.
You shoot an arrow. The arrow hits the hornet!
The hornet is almost dead.
You feel sick.
You are no longer poisoned.
The hornet stings you!
You die...

#..# #........ #..#
#........ #..#
#........ #..#
#........ . #..#
#........
..####..####).......
.............%......
........)..y@%<)....
.#####..########....
#..# . #..# #..# ...
.#####..########....
....................
.................)..
.#########........#


You could see a hornet.

Vanquished Creatures
  A two-headed ogre (D:9)
  Pikel (D:7)
  An ugly thing (D:12)
  A manticore (D:11)
  Maggie (D:5)
  A polar bear (D:9)
  A hornet (shapeshifter) (D:11)
  A shadow (D:11)
  A vampire (D:12)
  2 wyverns
  A warg (D:10)
  6 yaks (D:9)
  4 vampire mosquitoes (D:12)
  An acid dragon (D:12)
  2 water moccasins (D:7)
  5 orc warriors
  3 black bears
  An ogre (D:4)
  2 wolves (D:10)
  4 centaurs
  A lemure (D:7)
  2 kobold brigands
  2 bullfrogs
  2 scorpions (D:5)
  3 killer bees (D:9)
  7 howler monkeys
  3 bombardier beetles
  5 hounds
  3 jellies
  3 iguanas
  5 orc priests
  A sleepcap (D:8)
  16 orc wizards
  4 gnolls
  12 adders
  3 white imps
  3 dart slugs
  35 orcs
  7 bats
  2 endoplasms (D:2)
  5 giant cockroaches
  9 goblins
  7 hobgoblins
  11 jackals
  12 kobolds
  2 quokkas
  3 ball pythons
  A frilled lizard (D:2)
  6 rats
215 creatures vanquished.

Notes
Turn   | Place    | Note
-------+----------+-------------------------------------------
     0 | D:1      | qw the Spriggan Hunter began the quest for the Orb.
     0 | D:1      | Reached XP level 1. HP: 10/10 MP: 2/2
     0 | D:1      | 0 ||| qw: Version: 0.3-a-160-g6735b56
     0 | D:1      | 0 ||| qw: Game counter: 4680
     0 | D:1      | 0 ||| qw: Melee chars always use a shield: true
     0 | D:1      | 0 ||| qw: God list: Okawaru
     0 | D:1      | 0 ||| qw: Allow faded altars: false
     0 | D:1      | 0 ||| qw: Do Orc after clearing Dungeon:15 true
     0 | D:1      | 0 ||| qw: Do second Lair branch before Depths: true
     0 | D:1      | 0 ||| qw: Lair rune preference: random
     0 | D:1      | 0 ||| qw: Goals: Normal
     0 | D:1      | 0 ||| PLANNING D:1-11
    16 | D:1      | Reached skill level 3 in Dodging
   191 | D:1      | Reached XP level 2. HP: 14/14 MP: 3/3
   298 | D:1      | Found a faded altar of an unknown god.
   437 | D:1      | Reached XP level 3. HP: 18/18 MP: 4/4
   604 | D:1      | 604 ||| READING 2 scrolls labelled MOHUAXKOGGI.
   605 | D:1      | 605 ||| READING 3 scrolls labelled DOROLE AWI.
   605 | D:1      | 605 ||| IDENTIFYING clear potion
   606 | D:1      | 606 ||| READING 2 scrolls of identify.
   606 | D:1      | 606 ||| IDENTIFYING golden potion
   607 | D:1      | 607 ||| READING scroll of identify.
   607 | D:1      | 607 ||| IDENTIFYING 3 emerald potions
   608 | D:1      | 608 ||| READING scroll labelled GUBANA KOCY.
   608 | D:1      | 608 ||| BRANDING +0 shortbow.
   609 | D:1      | 609 ||| READING 2 scrolls labelled ODERYL DIDELL.
   609 | D:1      | 609 ||| ENCHANTING +0 shortbow of draining.
   610 | D:1      | 610 ||| READING scroll of enchant weapon.
   610 | D:1      | 610 ||| ENCHANTING +1 shortbow of draining.
   611 | D:1      | 611 ||| DROPPING scroll of butterflies.
   612 | D:1      | 612 ||| DROPPING potion of attraction.
   613 | D:1      | 613 ||| DROPPING scroll of amnesia.
   614 | D:1      | 614 ||| DROPPING potion of degeneration.
   742 | D:2      | Identified the +8 sling of the Depths {elec, rF++}
   744 | D:2      | 744 ||| SWAPPING to +8 sling of the Depths {elec, rF++}.
   745 | D:2      | 745 ||| DROPPING +2 shortbow of draining.
  1046 | D:2      | 1046 ||| UPGRADING to ring of poison resistance.
  1047 | D:2      | 1047 ||| READING 4 scrolls of identify.
  1047 | D:2      | 1047 ||| IDENTIFYING 3 glowing white potions
  1048 | D:2      | 1048 ||| DROPPING 3 potions of lignification.
  1076 | D:3      | Reached XP level 4. HP: 22/22 MP: 5/5
  1087 | D:3      | Found a glowing silver altar of Zin.
  1119 | D:3      | Found a shimmering blue altar of Sif Muna.
  1259 | D:3      | Found a sparkling altar of Nemelex Xobeh.
  1267 | D:3      | Found a broken altar of Ashenzari.
  1569 | D:3      | 1569 ||| READING 5 scrolls of identify.
  1569 | D:3      | 1569 ||| IDENTIFYING sedimented red potion
  1570 | D:3      | 1570 ||| READING 4 scrolls of identify.
  1570 | D:3      | 1570 ||| IDENTIFYING scroll labelled KESTRA ADEKH
  1584 | D:4      | Noticed a black bear
  1592 | D:4      | 1592 ||| RETREEEEATING.
  1593 | D:4      | 1593 ||| FLEEEEING.
  1594 | D:4      | 1594 ||| FLEEEEING.
  1596 | D:4      | 1596 ||| FLEEEEING.
  1598 | D:4      | 1598 ||| RETREEEEATING.
  1600 | D:4      | HP: 5/23 [black bear (1)]
  1601 | D:4      | 1601 ||| DRINKING potion of heal wounds.
  1602 | D:4      | Killed a black bear
  1603 | D:4      | Reached XP level 5. HP: 20/26 MP: 6/6
  1606 | D:4      | Reached skill level 6 in Ranged Weapons
  1719 | D:4      | Reached XP level 6. HP: 30/30 MP: 7/7
  1791 | D:4      | Found Vyssih's Self-Improvement Boutique.
  1922 | D:4      | Found Ishriejurph's Antique Armour Shop.
  1965 | D:4      | Reached skill level 6 in Dodging
  2013 | D:4      | 2013 ||| FLEEEEING.
  2014 | D:4      | 2014 ||| FLEEEEING.
  2015 | D:4      | 2015 ||| FLEEEEING.
  2016 | D:4      | 2016 ||| FLEEEEING.
  2017 | D:4      | 2017 ||| FLEEEEING.
  2178 | D:4      | 2178 ||| READING 3 scrolls of identify.
  2178 | D:4      | 2178 ||| IDENTIFYING orange potion
  2179 | D:4      | 2179 ||| READING 2 scrolls of identify.
  2179 | D:4      | 2179 ||| IDENTIFYING scroll labelled URPHIR IZITREU
  2180 | D:4      | 2180 ||| READING scroll of identify.
  2180 | D:4      | 2180 ||| IDENTIFYING scroll labelled MEQUWAH JUEM
  2181 | D:4      | 2181 ||| DROPPING scroll of fog.
  2182 | D:4      | 2182 ||| DROPPING scroll of torment.
  2223 | D:5      | Entered Level 5 of the Dungeon
  2276 | D:5      | Reached XP level 7. HP: 23/35 MP: 8/8
  2388 | D:5      | Found an ornate altar of the Wu Jian Council.
  2598 | D:5      | Found a runed translucent door.
  2599 | D:5      | Noticed qw's ghost (novice SpHu)
  2610 | D:5      | Found a staircase to the Ecumenical Temple.
  2611 | D:5      | 2611 ||| PLANNING TEMPLE
  2611 | D:5      | 2611 ||| READING 2 scrolls of identify.
  2611 | D:5      | 2611 ||| IDENTIFYING viscous pink potion
  2612 | D:5      | 2612 ||| READING scroll of identify.
  2612 | D:5      | 2612 ||| IDENTIFYING scroll labelled FOSCHA ZUATT
  2613 | D:5      | 2613 ||| DROPPING scroll of immolation.
  2614 | D:5      | 2614 ||| DROPPING potion of berserk rage.
  2623 | Temple   | Entered the Ecumenical Temple
  2624 | Temple   | 2624 ||| PLANNING OKAWARU WORSHIP
  2643 | Temple   | Became a worshipper of Warmaster Okawaru
  2644 | Temple   | 2644 ||| PLANNING D:1-11
  2924 | D:5      | 2924 ||| READING scroll labelled IXEOB XANI.
  2929 | D:5      | 2929 ||| READING scroll labelled PIUWNU VAAPUC.
  2952 | D:6      | Noticed Maggie
  2954 | D:6      | 2954 ||| ZAPPING wand of iceblast (4) at 0,-4 (Maggie;
                  | floor).
  2955 | D:6      | 2955 ||| ZAPPING wand of iceblast (3) at 0,-3 (Maggie;
                  | floor).
  2956 | D:6      | 2956 ||| ZAPPING wand of iceblast (2) at 0,-2 (Maggie;
                  | floor).
  2958 | D:6      | 2958 ||| STAIRDANCE
  2961 | D:5      | Killed Maggie
  2962 | D:5      | Reached skill level 9 in Dodging
  2962 | D:5      | Reached XP level 8. HP: 39/39 MP: 9/9
  2964 | D:6      | 2964 ||| STAIRDANCE
  2969 | D:6      | 2969 ||| STAIRDANCE
  2980 | D:6      | 2980 ||| STAIRDANCE
  2998 | D:6      | 2998 ||| STAIRDANCE
  3001 | D:5      | Reached * piety under Okawaru
  3016 | D:6      | Found a snail-covered altar of Cheibriados.
  3022 | D:6      | Found a basalt altar of Yredelemnul.
  3063 | D:6      | 3063 ||| RETREEEEATING.
  3067 | D:6      | Reached skill level 3 in Fighting
  3067 | D:6      | Reached skill level 1 in Invocations
  3309 | D:6      | Found a bloodstained altar of Trog.
  3378 | D:6      | Found a hide-covered altar of Uskayaw.
  3437 | D:6      | 3437 ||| DROPPING ring of wizardry.
  3438 | D:6      | 3438 ||| READING scroll of identify.
  3438 | D:6      | 3438 ||| IDENTIFYING scroll labelled YQYEXT BOPH
  3439 | D:6      | 3439 ||| READING scroll labelled QOSED UMUGINOGI.
  3440 | D:6      | 3440 ||| DROPPING scroll of blinking.
  3468 | D:7      | Reached skill level 3 in Invocations
  3549 | D:7      | Reached ** piety under Okawaru
  3555 | D:7      | Reached skill level 9 in Ranged Weapons
  3555 | D:7      | Reached XP level 9. HP: 44/44 MP: 12/12
  3859 | D:7      | Noticed Pikel
  3860 | D:7      | 3860 ||| INVOKING Heroism.
  3863 | D:7      | Killed Pikel
  4004 | D:7      | Found an opulent altar of Gozag.
  4012 | D:7      | 4012 ||| INVOKING Heroism.
  4029 | D:7      | Found Gozag's Platinum Reserve.
  4041 | D:7      | 4041 ||| SHOPLISTING amulet "Zaleuxt" {RegenMP +Inv Fly
                  | rPois rF-} (4330 gold, have 364).
  4087 | D:7      | Found a blossoming altar of Fedhas.
  4295 | D:7      | 4295 ||| UPGRADING to +0 robe of positive energy.
  4305 | D:7      | 4305 ||| DROPPING +0 robe.
  4306 | D:7      | 4306 ||| UPGRADING to ring of resist corrosion.
  4745 | D:8      | 4745 ||| READING scroll labelled COXKOPL JOESOSS.
  4800 | D:9      | Noticed a centaur warrior
  4800 | D:9      | Noticed a cyan very ugly thing
  4800 | D:9      | Noticed a cyclops
  4801 | D:9      | Found a runed translucent door.
  4803 | D:9      | Noticed a tengu warrior
  4803 | D:9      | Noticed a deep troll
  4803 | D:9      | Noticed a skeletal warrior
  4803 | D:9      | Noticed a cyclops
  4803 | D:9      | Found the amulet of Elemental Vulnerability {rPois rF--
                  | rC-- AC+8}
  4849 | D:9      | Noticed a two-headed ogre
  4850 | D:9      | 4850 ||| INVOKING Heroism.
  4865 | D:9      | HP: 11/45 [two-headed ogre/+0 giant club (13)]
  4866 | D:9      | 4866 ||| READING scroll of teleportation.
  4868 | D:9      | Killed a two-headed ogre
  4868 | D:9      | Reached *** piety under Okawaru
  4869 | D:9      | Reached XP level 10. HP: 13/49 MP: 12/14
  4889 | D:9      | 4889 ||| INVOKING Heroism.
  5054 | D:9      | Reached **** piety under Okawaru
  5055 | D:9      | Reached skill level 12 in Dodging
  5058 | D:9      | 5058 ||| RETREEEEATING.
  5060 | D:9      | 5060 ||| RETREEEEATING.
  5068 | D:9      | 5068 ||| RETREEEEATING.
  5069 | D:9      | 5069 ||| RETREEEEATING.
  5070 | D:9      | 5070 ||| RETREEEEATING.
  5071 | D:9      | 5071 ||| RETREEEEATING.
  5208 | D:9      | 5208 ||| SWAPPING to +0 orcbow.
  5209 | D:9      | 5209 ||| READING scroll of enchant weapon.
  5209 | D:9      | 5209 ||| ENCHANTING +0 orcbow.
  5265 | D:9      | You fall into a shaft and drop 3 floors!
  5286 | D:12     | Noticed a green ugly thing
  5301 | D:12     | 5301 ||| INVOKING Finesse.
  5312 | D:12     | Killed a green ugly thing
  5313 | D:12     | Reached skill level 12 in Ranged Weapons
  5313 | D:12     | Reached skill level 6 in Invocations
  5317 | D:12     | Reached ***** piety under Okawaru
  5533 | D:12     | 5533 ||| UPGRADING to +0 acid dragon scales.
  5543 | D:12     | 5543 ||| REMOVING ring of resist corrosion.
  5544 | D:12     | 5544 ||| DROPPING +0 robe of positive energy.
  5545 | D:12     | 5545 ||| READING scroll of enchant armour.
  5545 | D:12     | 5545 ||| ENCHANTING +0 acid dragon scales.
  5550 | D:11     | Noticed a manticore
  5551 | D:11     | 5551 ||| INVOKING Finesse.
  5552 | D:11     | 5552 ||| INVOKING Finesse.
  5560 | D:11     | Killed a manticore
  5561 | D:11     | Reached skill level 1 in Armour
  5752 | D:11     | 5752 ||| DRINKING 4 potions of curing.
  5752 | D:11     | 5752 ||| (to cure confusion)
  5759 | D:11     | HP: 12/51 [vampire (11)]
  5760 | D:11     | 5760 ||| READING scroll of teleportation.
  5760 | D:11     | HP: 2/51 [vampire (10)]
  5761 | D:11     | 5761 ||| DRINKING 2 potions of heal wounds.
  5925 | D:11     | 5925 ||| INVOKING Finesse.
  5928 | D:11     | HP: 12/51 [hornet (shapeshifter) (7)]
  5929 | D:11     | 5929 ||| DRINKING potion of heal wounds.
  5933 | D:11     | HP: 9/51 [poisoned by a hornet]
  5938 | D:11     | HP: 4/51 [poisoned by a hornet]
  6129 | D:11     | 6129 ||| READING scroll of identify.
  6129 | D:11     | 6129 ||| IDENTIFYING pink potion
  6138 | D:11     | Reached XP level 11. HP: 54/54 MP: 17/17
  6146 | D:10     | Entered Level 10 of the Dungeon
  6233 | D:10     | 6233 ||| UPGRADING to amulet of reflection.
  6296 | D:10     | 6296 ||| INVOKING Finesse.
  6296 | D:10     | HP: 7/54 [hornet (7)]
  6297 | D:10     | Slain by a hornet

Levels and vault maps discovered:
D:1:      enne_arrival_octagon_isle, layout_basic,
          dreamdust_ecumenical_altar_statues
D:2:      layout_rooms
D:3:      layout_rooms, zin_academy, mainiacjoe_overflow_alcove_1,
          cheibrodos_ashenzari_chains, nemelex_xobeh_ov_fountains_minmay
D:4:      layout_loops_cross, serial_shops, shop, grunt_ministairs_7,
          nicolae_shop_self_help
D:5:      layout_gridville, nicolae_wu_jian_wuxing_cycle,
          minmay_temple_entry_wispy, ebering_ghost_reflecting_pool,
          minmay_manual_monstrance
D:6:      layout_cave_pools, slow_altar_1, nicolae_uskayaw_dance_hall,
          lemuel_coloured_pillars_altar, overflow_temple_1_default, uniq_maggie
D:7:      layout_loops_cross, nicolae_gozag_zags_fifth_avenue,
          mainiacjoe_overflow_brackets, st_stairs_5, minmay_liquid_box,
          uniq_pikel
D:8:      layout_cave_pools
D:9:      minmay_gate_of_8, layout_cross, lair_entry_dummy,
          eino_house_with_fridge
D:10:     layout_small_grid, minmay_orc_entry_guard_dogs, enter_trove_0
D:11:     layout_roguey, nicolae_transporter_circle
D:12:     layout_roguey, minmay_guarded_unrand_staff_of_olgreb
Temple:   hellmonk_temple_of_storms

Skill      XL: |  1  2  3  4  5  6  7  8  9 10 11 |
---------------+----------------------------------+-----
Dodging        | 4 5 6 9 11 12 | 12.0
Ranged Weapons | 5 6 7 8 9 11 12 | 12.0
Fighting       | 2 3 4 |  4.9
Invocations    | 3 4 6 7 |  7.1
Armour         | 1 |  1.0
Stealth        | |  1.5

Action                     |  1- 3 |  4- 6 |  7- 9 | 10-12 || total
---------------------------+-------+-------+-------+-------++-------
   Fire: Shortbow          |    95 |       |       |       ||    95
         Sling             |    29 |   102 |   213 |    64 ||   408
         Orcbow            |       |       |       |   174 ||   174
 Invoke: Heroism           |       |       |     3 |     1 ||     4
         Finesse           |       |       |       |     4 ||     4
  Evoke: Wand              |       |       |     3 |       ||     3
    Use: Scroll            |     8 |     5 |     8 |     4 ||    25
         Potion            |       |     1 |       |     3 ||     4
 Armour: Robe              |    19 |    13 |    28 |    12 ||    72
         Acid dragon scale |       |       |       |    33 ||    33
  Dodge: Dodged            |    54 |    26 |    81 |   155 ||   316
  Block: Other             |       |       |       |    14 ||    14

Table legend:
 A = Non-vault XP
 B = Vault XP
 C = Vault XP percentage of total XP
 D = Non-vault monster count
 E = Vault monster count
 F = Vault count percentage of total count
                 A         B        C        D         E       F
            +---------+---------+-------+---------+---------+-------
      Total |    9531 |    2281 |  19.3 |     198 |      16 |   7.5
            +---------+---------+-------+---------+---------+-------
        D:1 |      45 |       0 |   0.0 |      18 |       0 |   0.0
        D:2 |      43 |       0 |   0.0 |      25 |       0 |   0.0
        D:3 |     100 |       0 |   0.0 |      21 |       0 |   0.0
        D:4 |     446 |      43 |   8.8 |      24 |       2 |   7.7
        D:5 |     675 |     575 |  46.0 |      19 |       5 |  20.8
        D:6 |     496 |      42 |   7.8 |      14 |       1 |   6.7
        D:7 |     793 |     883 |  52.7 |      17 |       4 |  19.0
        D:8 |     715 |       0 |   0.0 |      14 |       0 |   0.0
        D:9 |    3109 |     306 |   9.0 |      25 |       1 |   3.8
       D:10 |     282 |     432 |  60.5 |       9 |       3 |  25.0
       D:11 |    1179 |       0 |   0.0 |       5 |       0 |   0.0
       D:12 |    1648 |       0 |   0.0 |       7 |       0 |   0.0
            +---------+---------+-------+---------+---------+-------
